 Dungeon Crawl Stone Soup version 0.32-a0-705-g60f233581c (webtiles) character file.

Game seed: 9956366642542811476

29 porpoise the Caller (level 3, 0/24 HPs)
             Began as a Barachi Summoner on Mar 15, 2024.
             Slain by a hobgoblin (3 damage)
             ... on level 2 of the Dungeon.
             The game lasted 00:04:01 (1458 turns).

porpoise the Caller (Barachi Summoner)              Turns: 1458, Time: 00:04:01

Health: 0/24       AC:  2    Str:  9    XL:     3   Next: 16%
Magic:  5/7        EV: 11    Int: 17    God:
Gold:   27         SH:  0    Dex: 12    Spells: 4/7 levels left

rFire   + . .        a - +0 mace
rCold   . . .        (no shield)
rNeg    . . .        d - +0 robe
rPois   .            (no helmet)
rElec   .            (no cloak)
rCorr   +            (no gloves)
SInv    .            (no boots)
Will    .....        (no amulet)
Stlth   ++           f - ring of resist corrosion
HPRegen 0.24/turn    h - ring of protection from fire
MPRegen 0.10/turn

%: no passive effects
@: invisible, slow
A: amphibious, slowness 1, strong legs 1, +LOS
a: Hop


You were on level 2 of the Dungeon.
You visited 1 branch of the dungeon, and saw 2 of its levels.

You collected 27 gold pieces.

Inventory:

Hand Weapons
 a - a +0 mace (weapon)
Armour
 d - a +0 robe (worn)
 l - a +0 pair of gloves
Jewellery
 f - a ring of resist corrosion (left hand)
 h - a ring of protection from fire (right hand)
Scrolls
 e - a scroll of acquirement {unknown}
 g - a scroll of silence {unknown}
 j - a scroll of blinking
 k - a scroll of brand weapon {unknown}
 m - a scroll of poison {unknown}
Potions
 b - a potion of magic
 c - a potion of heal wounds {unknown}
 i - a potion of invisibility


   Skills:
 - Level 2.1 Dodging
 + Level 2.4 Stealth
 + Level 2.7 Spellcasting
 + Level 5.2 Summonings


You had 4 spell levels left.
You knew the following spells:

 Your Spells              Type           Power      Damage    Failure   Level
a - Summon Small Mammal   Summ           80%        N/A       1%          1
b - Call Imp              Summ           40%        N/A       3%          2

Your spell library contained the following spells:

 Spells                   Type           Power      Damage    Failure   Level
 Call Canine Familiar     Summ           20%        N/A       6%          3
 Sting                    Conj/Alch      8%         1d3       19%         1
 Mercury Vapours          Alch/Air       4%         N/A       26%         2
 Summon Blazeheart Golem  Fire/Summ      11%        N/A       52%         4
 Summon Lightning Spire   Summ/Air       11%        N/A       52%         4
 Olgreb's Toxic Radiance  Alch           2%         N/A       87%         4


Dungeon Overview and Level Annotations

Branches:
Dungeon (2/15)

Altars:


Innate Abilities, Weirdness & Mutations

You are amphibious.
You cover ground slowly.
You can hop short distances.
You have an extended range of vision and can be seen from far away.


Message History

Your cerulean imp closely misses the adder.
The adder barely misses you.
You hit the adder but do no damage.
The adder is almost dead.
The adder bites you but does no damage.
Your cerulean imp closely misses the adder.
The adder bites you but does no damage.
Your cerulean imp completely misses the adder.
You closely miss the adder.
The adder is almost dead.
The adder bites you.
You are poisoned.
The adder poisons you!
Your cerulean imp hits the adder from afar with a -3 spear.
The adder dies!
You have reached level 3!
Your experience leads to an increase in your attributes!
Increase (S)trength, (I)ntelligence, or (D)exterity?
You feel clever. x2
It was a potion of invisibility.
You fade into invisibility!
You feel sick.
Your cerulean imp hits the hobgoblin from afar with a -3 spear.
You feel sick.
Your cerulean imp hits the hobgoblin with a -3 spear.
The hobgoblin misses you.
The hobgoblin hits you but does no damage.
Things that are here:
a +0 short sword; an adder corpse You closely miss the hobgoblin.
You feel sick.
You are no longer poisoned.
Your cerulean imp barely misses the hobgoblin.
The hobgoblin misses you. The hobgoblin closely misses you.
Your cerulean imp closely misses the hobgoblin.
You barely miss the hobgoblin. The hobgoblin closely misses you.
The hobgoblin hits you.
* * * LOW HITPOINT WARNING * * *
Your cerulean imp hits the hobgoblin but does no damage.
The hobgoblin hits you.
You die...

###
..#
#>#
##.##
...
#g#
#@##
#.g#
##5#
#.#
#<#
#.##
#
#..#
.
##.#
.#
#.#
###.#
#


You could see 2 hobgoblins and a friendly cerulean imp (summoned).

Vanquished Creatures
  A ball python (D:2)
  A hobgoblin (D:1)
  A quokka (D:2)
  3 bats
  A frilled lizard (D:1)
  2 rats (D:1)
9 creatures vanquished.

Vanquished Creatures (collateral kills)
  An adder (D:2)
  A ball python (D:2)
  A giant cockroach (D:1)
  2 hobgoblins
  2 kobolds (D:2)
  A quokka (D:1)
  2 frilled lizards (D:1)
10 creatures vanquished.

Grand Total: 19 creatures vanquished

Notes
Turn   | Place    | Note
-------+----------+-------------------------------------------
     0 | D:1      | porpoise the Barachi Summoner began the quest for the Orb.
     0 | D:1      | Reached XP level 1. HP: 13/13 MP: 3/3
   405 | D:1      | Reached skill level 5 in Summonings
   468 | D:1      | Reached XP level 2. HP: 3/19 MP: 5/5
   740 | D:1      | Learned a level 2 spell: Call Imp
  1455 | D:2      | Reached XP level 3. HP: 7/24 MP: 4/7
  1458 | D:2      | Slain by a hobgoblin

Illustrated notes

Levels and vault maps discovered:
D:1:      spicycebolla_green_bress_n_ham_2, layout_basic, kennysheep_flooded_box
D:2:      layout_basic

Skill      XL: |  1 |
---------------+----+-----
Stealth        | 2 |  2.4
Summonings     | 5 |  5.2
Dodging        | |  2.1
Spellcasting   | |  2.7

Action                     || total
---------------------------++-------
  Melee: Mace              ||    46
         Unarmed           ||    10
   Cast: Summon Small Mamm ||    17
         Call Imp          ||     2
    Use: Scroll            ||     1
         Potion            ||     1
   Stab: Distracted        ||     1
 Armour: Robe              ||    53
  Dodge: Dodged            ||    56

Table legend: (Time is in decaauts)
 A = Elapsed time spent in this place.
 B = Non-inter-level travel time spent in this place.
 C = Inter-level travel time spent in this place.
 D = Time resting spent in this place.
 E = Time spent auto-exploring this place.
 F = Levels seen in this place.
 G = Mean time per level.
                   A        B        C        D        E       F      G
               +--------+--------+--------+--------+--------+-----+--------+
         Total |   1622 |   1596 |     26 |    571 |    713 |   2 |  811.0 |
       Dungeon |   1622 |   1596 |     26 |    571 |    713 |   2 |  811.0 |
               +--------+--------+--------+--------+--------+-----+--------+

Top non-repeatable levels by time:
     D:1: 1379 daAuts
     D:2: 243 daAuts
